 Dungeon Crawl Stone Soup version 0.30-a0-777-ga9a30cbeda (webtiles) character file.

Game seed: 13666822364181034279

17 Flugslaktarn the Shield-Bearer (level 2, -4/21 HPs)
             Began as an Octopode Fighter on Feb 13, 2023.
             Slain by Terence
             ... wielding a +0 hand axe
              (10 damage)
             ... on level 2 of the Dungeon.
             The game lasted 00:00:20 (765 turns).

Flugslaktarn the Shield-Bearer (Octopode Fighter)    Turns: 765, Time: 00:00:21

Health: -4/21      AC:  1    Str: 15    XL:     2   Next: 62%
Magic:  2/2        EV: 13    Int: 10    God:
Gold:   79         SH:  4    Dex: 11    Spells: 1/1 levels left

rFire   . . .      SeeInvis .    a - +0 war axe
rCold   . . .      Faith    .    b - +0 buckler
rNeg    . . .      Spirit   .    (helmet restricted)
rPois   .          Reflect  .    (no amulet)
rElec   .          Harm     .    (no ring)
rCorr   .          Rampage  .    (no ring)
Will    .....                    (no ring)
Stlth   ++                       (no ring)
HPRegen 0.23/turn                (no ring)
MPRegen 0.08/turn                (no ring)
                                 (no ring)
                                 (no ring)

@: no status effects
A: almost no armour, amphibious, 8 rings, camouflage 1, gelatinous body 1,
(nimble swimmer 1), tentacles
a: no special abilities


You were on level 2 of the Dungeon.
You visited 1 branch of the dungeon, and saw 2 of its levels.

You collected 79 gold pieces.

Inventory:

Hand Weapons
 a - a +0 war axe (weapon)
Armour
 b - a +0 buckler (worn)
Scrolls
 f - a scroll of enchant armour {unknown}
 g - a scroll of immolation {unknown}
 h - a scroll of noise {unknown}
 i - a scroll of identify {unknown}
 j - a scroll of brand weapon {unknown}
 k - a scroll of poison {unknown}
Potions
 c - a potion of heal wounds {unknown}
 d - a potion of might
 e - a potion of attraction {unknown}


   Skills:
 + Level 3.1 Fighting
 * Level 2.4 Axes
 + Level 3.1 Dodging
 + Level 3.2 Shields


You had one spell level left.
You didn't know any spells.
Your spell library was empty.

Dungeon Overview and Level Annotations

Branches:
Dungeon (2/15)

Altars:

Annotations:
D:2 Terence


Innate Abilities, Weirdness & Mutations

You cannot wear most types of armour.
You are amphibious.
You can wear up to eight rings at the same time.
Your skin changes colour to match your surroundings (Stealth+).
Your rubbery body absorbs attacks. (AC +1, EV +1)
((You are camouflaged when in or above water. (Stealth+)))
You have tentacles for arms and can constrict up to eight enemies at once.


Message History

You kill the endoplasm!
No target in view!
No target in view!
No target in view!
You see here 6 poisoned darts.
There is a stone staircase leading down here.
Found a spear.
You see here a +0 spear.
You see here a +0 pair of boots.
There is a dry fountain here.
There is a dry fountain here.
Things that are here:
a +0 dagger; a kobold skeleton A giant cockroach comes into view.
You slash the giant cockroach!
You kill the giant cockroach!
No target in view!
No target in view!
You see here a giant cockroach corpse.
A bat comes into view.
A bat is nearby!
A bat is nearby!
The bat hits you. You block the bat's attack.
You miss the bat. You grab the bat. You squeeze the bat.
You kill the bat!
No target in view!
Found 4 stones.
Done exploring.
No target in view!
No target in view!
No target in view!
No target in view!
No target in view!
Done exploring.
(D) Dungeon
Where to? (? - help)
There is a stone staircase leading down here.
You climb downwards.
Found 15 gold pieces.
Found a stone staircase leading down.
There is a stone staircase leading up here.
Unknown command.
Found 6 stones.
You now have 58 gold pieces (gained 15).
Found a robe.
No target in view!
No target in view!
No target in view!
No target in view!
k - a scroll labelled NUOROB DYUTOHI You now have 67 gold pieces (gained 9).
A kobold comes into view. It is wielding a +0 club.
You see here 12 gold pieces.
A kobold is nearby!
The helpless kobold fails to defend itself.
You slash the kobold!
You kill the kobold!
No target in view!
No target in view!
No target in view!
You now have 79 gold pieces (gained 12).
You see here 6 stones.
Found a stone staircase leading up.
You see here a +0 robe.
Found a stone staircase leading down.
A dart slug comes into view.
Terence the Incautious comes into view.
He is wielding a +0 hand axe.
Terence shouts!
Terence screams, "I want your blood!"
The dart slug bites you but does no damage.
There is a stone staircase leading down here.
You hit the dart slug. You grab the dart slug.
The dart slug is moderately wounded.
You constrict the dart slug. The dart slug launches a dart at you.
The slug dart hits you.
There are monsters nearby!
There are monsters nearby!
You hit the dart slug. You squeeze the dart slug.
You kill the dart slug!
Terence hits you with a +0 hand axe.
You closely miss Terence. You grab Terence. You constrict Terence.
Terence barely misses you.
You hit Terence.
Terence is lightly wounded.
You constrict Terence, but do no damage.
Terence hits you with a +0 hand axe.
You are too injured to fight recklessly!
You are too injured to fight recklessly!
You are too injured to fight recklessly!
You are too injured to fight recklessly!
You are too injured to fight recklessly!
You hit Terence. You squeeze Terence.
Terence is heavily wounded.
You constrict Terence. Terence hits you with a +0 hand axe.
* * * LOW HITPOINT WARNING * * *
You block Terence's attack.
You barely miss Terence. You squeeze Terence.
Terence is severely wounded.
You constrict Terence. Terence hits you with a +0 hand axe!
You die...

#.......[....###.# ###
#<###.######.###.#....
#.##...#####..........
#..............######
#.##...########.# #
##.## #.# #.# #.# #.#
#.# #@# #.# #@# #.#
#.# #.# #.# #.# ..#
#.# ###


You could see Terence.

Vanquished Creatures
  A dart slug (D:2)
  An endoplasm (D:1)
  2 giant cockroaches (D:1)
  A goblin (D:1)
  A ball python (D:1)
  3 bats (D:1)
  4 frilled lizards (D:1)
  2 kobolds
  2 rats (D:1)
17 creatures vanquished.

Notes
Turn   | Place    | Note
-------+----------+-------------------------------------------
     0 | D:1      | Flugslaktarn the Octopode Fighter began the quest for the
                  | Orb.
     0 | D:1      | Reached XP level 1. HP: 16/16 MP: 1/1
   320 | D:1      | Reached XP level 2. HP: 21/21 MP: 2/2
   756 | D:2      | Noticed Terence
   765 | D:2      | Slain by Terence

Illustrated notes

Levels and vault maps discovered:
D:1:      dpeg_arrival_leaves_temple_mockup, layout_loops_ring,
          minmay_lizard_pond
D:2:      cheibrodos_helix_gallery, layout_loops_ring,
          shapermc_ecumenical_altar_mp_vishouse, minivault_4, uniq_terence

Action                     || total
---------------------------++-------
  Melee: War axe           ||    31
         Constrict         ||    12
         Tentacles         ||     7
   Stab: Sleeping          ||     6
 Armour: Skin              ||     6
  Dodge: Dodged            ||    13
  Block: Buckler           ||     3

Table legend: (Time is in decaauts)
 A = Elapsed time spent in this place.
 B = Non-inter-level travel time spent in this place.
 C = Inter-level travel time spent in this place.
 D = Time resting spent in this place.
 E = Time spent auto-exploring this place.
 F = Levels seen in this place.
 G = Mean time per level.
                   A        B        C        D        E       F      G
               +--------+--------+--------+--------+--------+-----+--------+
         Total |    777 |    754 |     23 |      0 |    626 |   2 |  388.5 |
       Dungeon |    777 |    754 |     23 |      0 |    626 |   2 |  388.5 |
               +--------+--------+--------+--------+--------+-----+--------+

Top non-repeatable levels by time:
     D:1: 689 daAuts
     D:2: 87 daAuts
